AoeStats
← HIX | Leo Mattioli

Arena

505591639Analyzed
4v4 RM · 23d ago on Sep 10, 2026· 44m 7s· 8 players
Game mode
Random Map
Map size
Large (8 player)
Population
200
Speed
Normal
Resources
Standard
Victory
Conquest
Starting age
Dark Age
Ending age
Imperial Age
RankedLock teamsTeams togetherTeam positionsShared explorationLock speedFull tech treeHidden civsTurbo modeCheats
Victory
Defeat
🇻🇳 Mapuche · Vietnam
1447
+17
🇧🇴 Hindustanis · Bolivia
1423
+18
🇨🇴 Romans · Colombia
1406
+19
🇲🇽 Malay · Mexico
1403
+19
🇦🇷 Malians · Argentina
1534
-20
🇨🇴 Teutons · Colombia
1533
-21
🇦🇷 Georgians · Argentina
1439
-17
🇨🇴 Bohemians · Colombia
1385
-15
Valodimer
10:02 Feudal Age
10:07 Loom
10:33 Double-Bit Axe
12:09 Gold Mining
13:29 Horse Collar
16:43 Castle Age
17:51 Bow Saw
17:42 Heavy Plow
20:51 Fletching
23:23 Wheelbarrow
24:11 Stone Mining
26:02 Ballistics
26:17 Hand Cart
30:22 Imperial Age
28:40 Bodkin Arrow
29:42 Padded Archer Armor
30:54 Leather Archer Armor
30:28 Elite Bolas Rider
30:37 Elite Skirmisher
32:10 Ring Archer Armor
33:01 Chemistry
33:16 Butalmapu
33:40 Malon
34:17 Crop Rotation
34:30 Conscription
36:53 Elite Skirmisher
40:48 Town Watch
41:43 Siege Engineers
42:16 Gold Shaft Mining
42:17 Stone Shaft Mining
43:00 Masonry
42:31 Treadmill Crane
42:55 Town Patrol
[GDL] ColimoteStudioS
3:29 Loom
11:26 Feudal Age
11:44 Double-Bit Axe
12:21 Horse Collar
17:10 Castle Age
18:45 Loom
20:19 Forging
22:20 Loom
23:27 Iron Casting
25:32 Wheelbarrow
24:45 Town Watch
29:32 Bow Saw
29:39 Heavy Plow
29:31 Gold Mining
29:31 Stone Mining
31:31 Gold Shaft Mining
31:15 Hand Cart
30:52 Stone Mining
35:46 Imperial Age
34:51 Ballistics
34:33 Padded Archer Armor
34:24 Fletching
34:49 Elite Skirmisher
35:53 Conscription
35:51 Thumb Ring
36:16 Bodkin Arrow
37:29 Chemistry
37:13 Bracer
37:29 Leather Archer Armor
38:26 Crossbowman
40:45 Ring Archer Armor
43:28 Blast Furnace
42:29 Arbalester
43:07 Man-at-Arms
43:48 Squires
43:33 Arson
43:52 Forced Levy
Sebastianquijanog
10:07 Feudal Age
14:12 Castle Age
13:08 Double-Bit Axe
13:07 Horse Collar
19:35 Loom
22:05 Town Watch
22:35 Bow Saw
23:50 Heavy Plow
27:52 Ballistics
30:23 Imperial Age
28:37 Scale Mail Armor
28:00 Man-at-Arms
28:41 Squires
29:43 Chain Mail Armor
29:39 Forging
30:33 Gold Mining
30:34 Stone Mining
30:21 Long Swordsman
32:36 Chemistry
31:46 Capped Ram
32:18 Heavy Scorpion
33:25 Legionary
34:56 Siege Engineers
35:02 Ballistas
35:50 Iron Casting
36:27 Wheelbarrow
36:48 Siege Ram
38:40 Blast Furnace
38:03 Conscription
38:53 Gold Shaft Mining
38:49 Crop Rotation
42:00 Masonry
42:40 Hand Cart
MXTS | RazMM
11:15 Feudal Age
15:01 Castle Age
12:58 Double-Bit Axe
14:48 Horse Collar
16:02 Bow Saw
17:45 Loom
19:55 Heavy Plow
23:31 Wheelbarrow
22:42 Town Watch
22:51 Gold Mining
25:45 Hand Cart
29:25 Imperial Age
27:39 Gold Shaft Mining
27:13 Scale Barding Armor
27:44 Ballistics
27:37 Forging
28:39 Chain Barding Armor
28:46 Bloodlines
28:41 Husbandry
29:15 Grand Trunk Road
30:07 Iron Casting
29:50 Masonry
31:24 Chemistry
29:45 Heavy Camel Rider
31:05 Plate Barding Armor
30:38 Padded Archer Armor
31:51 Leather Archer Armor
31:27 Fletching
33:42 Bodkin Arrow
34:19 Ring Archer Armor
33:28 Light Cavalry
37:33 Hussar
38:54 Conscription
41:01 Conscription
44:52 Blast Furnace
43:53 Bracer
HIX | Jager_Master
11:02 Feudal Age
15:26 Castle Age
13:20 Horse Collar
14:07 Double-Bit Axe
16:19 Wheelbarrow
16:28 Bow Saw
16:27 Heavy Plow
22:40 Hand Cart
22:35 Town Watch
25:27 Gold Mining
25:52 Loom
29:39 Imperial Age
27:10 Stone Mining
27:59 Scale Mail Armor
28:09 Forging
28:56 Stone Shaft Mining
29:35 Chain Mail Armor
28:46 Pikeman
29:26 Squires
29:11 Gambesons
29:12 Arson
29:58 Halberdier
30:00 Onager
31:10 Plate Mail Armor
31:16 Iron Casting
31:06 Caravan
34:04 Chemistry
33:15 Masonry
33:11 Siege Onager
38:41 Blast Furnace
37:31 Fletching
41:59 Siege Engineers
42:16 Ballistics
Milongo
11:51 Feudal Age
13:15 Double-Bit Axe
13:11 Horse Collar
16:01 Castle Age
14:27 Double-Bit Axe
17:35 Bow Saw
24:06 Wheelbarrow
23:17 Loom
23:17 Town Watch
28:06 Imperial Age
27:30 Chemistry
29:13 Conscription
30:06 Heavy Plow
31:09 Two-Man Saw
30:24 Padded Archer Armor
31:51 Leather Archer Armor
33:19 Pikeman
34:00 Squires
33:45 Arson
34:33 Ring Archer Armor
34:03 Scale Mail Armor
34:51 Wagenburg Tactics
35:43 Halberdier
38:25 Elite Skirmisher
HIX | Leo Mattioli
7:12 Loom
11:04 Feudal Age
15:06 Castle Age
13:20 Double-Bit Axe
26:12 Forging
HIX | Joako
10:52 Feudal Age
9:56 Loom
14:39 Castle Age
15:51 Wheelbarrow
15:50 Double-Bit Axe
15:47 Horse Collar
17:00 Bow Saw
20:56 Town Watch
26:25 Imperial Age
25:00 Scale Mail Armor
24:25 Man-at-Arms
25:44 Forging
25:55 Gold Mining
26:28 Chain Mail Armor
25:35 Long Swordsman
26:02 Arson
26:41 Stone Mining
26:42 Two-Handed Swordsman
27:29 Squires
28:25 Plate Mail Armor
29:06 Heavy Plow
29:09 Capped Ram
31:32 Champion
32:09 Fletching
33:25 Conscription
33:56 Iron Casting
35:20 Chemistry
35:22 Ballistics
34:58 Bodkin Arrow
39:10 Gold Shaft Mining
Connection lost

Rejoining the realm…

Still unreachable

The connection could not be restored.

Session expired

The server has moved on; the page needs a fresh start.